 Dungeon Crawl Stone Soup version 0.18.1-48-g4cf74bf (webtiles) character file.

336 Heedrag the Cleaver (level 6, 0/51 HPs)
             Began as a Minotaur Fighter on Aug 13, 2016.
             Slain by Heedrag's ghost (2 damage)
             ... on level 3 of the Dungeon.
             The game lasted 00:05:05 (2837 turns).

Heedrag the Cleaver (Minotaur Fighter)              Turns: 2837, Time: 00:05:06

Health: 0/51       AC: 10    Str: 23    XL:     6   Next: 28%
Magic:  5/5        EV:  7    Int:  5    God:
Gold:   107        SH:  9    Dex:  9    Spells: 0 memorised, 5 levels left

rFire  . . .     SeeInvis .     a - +0 war axe
rCold  . . .     Gourm    .     b - +0 scale mail
rNeg   . . .     Faith    .     c - +0 shield
rPois  .         Spirit   .     (helmet restricted)
rElec  .         Dismiss  .     q - +0 cloak
rCorr  .         Reflect  .     w - +0 pair of gloves
SustAt .         Harm     .     o - +0 pair of boots
MR     .....                    (no amulet)
Stlth  ..........               (no ring)
                                (no ring)

@: not resistant to hostile enchantments, extremely unstealthy
A: retaliatory headbutt, horns 2
a: no special abilities


You were on level 3 of the Dungeon.
You were not hungry.

You visited 1 branch of the dungeon, and saw 3 of its levels.
You also visited: Sewer.

You collected 107 gold pieces.

Inventory:

Hand Weapons
 a - a +0 war axe (weapon)
 B - a +2 short sword of protection
Armour
 b - a +0 scale mail (worn)
 c - a +0 shield (worn)
 o - a +0 pair of boots (worn)
 q - a +0 cloak (worn)
 w - a +0 pair of gloves (worn)
Wands
 y - a wand of digging (12/24)
Scrolls
 e - 2 scrolls of enchant weapon {unknown}
 g - 4 scrolls of identify {unknown}
 h - a scroll of remove curse {unknown}
 l - 2 scrolls of teleportation {unknown}
 m - 2 scrolls of enchant armour {unknown}
 n - 2 scrolls of fog {unknown}
 p - a scroll of recharging {unknown}
 s - 2 scrolls of magic mapping {unknown}
 x - a scroll of noise {unknown}
 z - a scroll of blinking {unknown}
Potions
 d - 2 potions of might
 j - 2 potions of curing {unknown}
 k - 2 potions of haste {unknown}
 r - a potion of degeneration {unknown}
 t - a potion of flight {unknown}
 v - 2 potions of heal wounds {unknown}
Books
 u - a book of Flames

   Spells                             Type                      Level
   a - Flame Tongue                   Conjuration/Fire             1
   b - Throw Flame                    Conjuration/Fire             2
   c - Conjure Flame                  Conjuration/Fire             3
   d - Inner Flame                    Hexes/Fire                   3
   e - Sticky Flame                   Conjuration/Fire             4
   f - Fireball                       Conjuration/Fire             5
Comestibles
 f - 4 bread rations
 i - 3 meat rations
 A - a royal jelly
 C - 3 chunks of flesh


   Skills:
 - Level 3.6 Fighting
 + Level 8.1 Axes
 - Level 3.6 Armour
 - Level 3.6 Shields


You had 5 spell levels left.
You didn't know any spells.

Dungeon Overview and Level Annotations

Branches:
Dungeon (3/15)

Altars:
Fedhas
Okawaru
Sif Muna
Trog
The Shining One

Annotations:
D:3 Heedrag's ghost, novice MiFi


Innate Abilities, Weirdness & Mutations

You reflexively headbutt those who attack you in melee.
You have a pair of horns on your head.


Message History

Heedrag's ghost barely misses ye.
Ye block Heedrag's ghost's attack.
Ye closely miss Heedrag's ghost.
Heedrag's ghost be heavily damaged.
Heedrag's ghost hits ye!
* * * LOW HITPOINT WARNIN'
* * * Ye closely miss Heedrag's ghost.
Heedrag's ghost be heavily damaged.
Heedrag's ghost hits ye.
* * * LOW HITPOINT WARNIN'
* * * Ye hit Heedrag's ghost.
Heedrag's ghost be severely damaged.
Heedrag's ghost hits ye!
* * * LOW HITPOINT WARNIN'
* * * Ye hit Heedrag's ghost.
Ye headbutt Heedrag's ghost.
Heedrag's ghost be severely damaged.
Ye block Heedrag's ghost's attack.
Ye completely miss Heedrag's ghost.
Ye headbutt Heedrag's ghost.
Heedrag's ghost be severely damaged.
Heedrag's ghost hits ye.
Ye die...

.......#......)...........#.....#
.......#.........)........#.....#
.......#.......#[.#.......######.
.......+........##........'......
.......+........##........'.#####
.......#.......#..#.......#...)).
.....###..................#.####.
.....# #........W.........#.####.
#...## ##.......@........##......
#..## ##...[..........##.......
#..# ##............#####.##..
#..# ##..........##.# #.###.
#..##########........##..###...#.
............####''#####....###...
.#######...## ##.................
.# #.#### #......#####....... .#
#....###......# #.......


You could see Heedrag's ghost.

Vanquished Creatures
  2 giant frogs (Sewer)
  An orc priest (D:3)
  An orc wizard (D:3)
  A gnoll (D:1)
  3 adders
  A river rat (D:3)
  3 worms
  3 dart slugs
  4 giant geckos
  8 orcs (D:3)
  5 ball pythons
  3 bats
  9 giant cockroaches
  5 goblins
  4 hobgoblins
  2 jackals (D:2)
  2 quokkas (D:3)
  17 giant newts
  4 kobolds
  7 rats
85 creatures vanquished.

Notes
Turn   | Place    | Note
--------------------------------------------------------------
     0 | D:1      | Heedrag the Minotaur Fighter began the quest for the Orb.
     0 | D:1      | Reached XP level 1. HP: 19/19 MP: 0/0
    29 | D:1      | Reached skill level 3 in Axes
    81 | D:1      | Reached XP level 2. HP: 26/26 MP: 1/1
   373 | D:1      | Reached skill level 4 in Axes
   373 | D:1      | Reached XP level 3. HP: 24/31 MP: 2/2
   644 | D:2      | Found a blossoming altar of Fedhas.
   777 | D:2      | Found a glowing golden altar of the Shining One.
   967 | D:2      | Found a bloodstained altar of Trog.
  1217 | D:2      | Reached skill level 5 in Axes
  1279 | D:2      | Found an iron altar of Okawaru.
  1399 | D:3      | Found a deep blue altar of Sif Muna.
  1483 | D:3      | Reached XP level 4. HP: 38/39 MP: 3/3
  1677 | D:3      | Found a bloodstained altar of Trog.
  1767 | D:3      | Found a glowing drain.
  1800 | Sewer    | Entered a sewer
  1901 | Sewer    | Reached skill level 6 in Axes
  2076 | Sewer    | Noticed a giant frog
  2077 | Sewer    | Noticed a giant frog
  2087 | Sewer    | Killed a giant frog
  2087 | Sewer    | Reached XP level 5. HP: 22/45 MP: 4/4
  2095 | Sewer    | Reached skill level 7 in Axes
  2477 | D:3      | Reached XP level 6. HP: 19/51 MP: 5/5
  2782 | D:3      | Reached skill level 8 in Axes
  2819 | D:3      | Noticed Heedrag's ghost (novice MiFi)
  2835 | D:3      | HP: 2/51 [Heedrag's ghost (8)]
  2837 | D:3      | Slain by Heedrag's ghost

Skill      XL: |  1  2  3  4  5  6 |
---------------+-------------------+-----
Axes           | 3 4 5 6 7 8 |  8.1
Fighting       | |  3.6
Armour         | |  3.6
Shields        | |  3.6

Action                   |  1- 3 |  4- 6 || total
-------------------------+-------+-------++-------
Melee: War axe           |    86 |   152 ||   238
       Headbutt          |    16 |    11 ||    27
  Eat: Chunk             |     2 |     5 ||     7
Armor: Scale mail        |    35 |    74 ||   109
Dodge: Dodged            |    22 |    41 ||    63
Block: Shield            |    48 |    72 ||   120
